 Dungeon Crawl Stone Soup version 0.29.1-12-g30fa7ad0bf (webtiles) character file.

Game seed: 12767135925916935379

151 Gabide the Cudgeller (level 5, 0/42 HPs)
             Began as a Formicid Berserker on Jan 6, 2023.
             Was a Believer of Trog.
             Succumbed to a scorpion's poison
             ... on level 2 of the Dungeon.
             The game lasted 00:02:59 (2040 turns).

Gabide the Cudgeller (Formicid Berserker)           Turns: 2040, Time: 00:02:59

Health: 0/42       AC:  8    Str: 21 (24) XL:     5   Next: 59%
Magic:  5/5        EV:  9    Int:  5 (6)  God:    Trog [**....]
Gold:   40         SH:  0    Dex: 19      Spells: 4/4 levels left

rFire   . . .      SeeInvis +   a - +0 mace
rCold   . . .      Faith    .   (no shield)
rNeg    . . .      Spirit   .   h - +0 chain mail
rPois   .          Reflect  .   (helmet unavailable)
rElec   .          Harm     .   (no cloak)
rCorr   .          Rampage  .   (no gloves)
Will    .....                   (no boots)
Stlth   ..........              (no amulet)
HPRegen 0.14/turn               f - +6 ring of dexterity
MPRegen 0.09/turn               (no ring)

@: lethally poisoned (0 -> -10), invisible
A: permanent stasis, dig shafts and tunnels, antennae 3, four strong arms
a: Dig, Shaft Self, Renounce Religion, Trog's Hand


You were on level 2 of the Dungeon.
You worshipped Trog.
Trog was pleased with you.
You visited 1 branch of the dungeon, and saw 3 of its levels.

You collected 40 gold pieces.

Inventory:

Hand Weapons
 a - a +0 mace (weapon)
Missiles
 j - 4 poisoned darts (quivered)
Armour
 h - a +0 chain mail (worn)
Jewellery
 f - a +6 ring of dexterity (left hand)
Scrolls
 c - 2 scrolls of identify {unknown}
 e - a scroll of magic mapping {unknown}


   Skills:
 + Level 4.2 Fighting
 * Level 4.6 Maces & Flails
 - Level 2.1 Armour
 + Level 2.8 Dodging


You had 4 spell levels left.
You didn't know any spells.
Your spell library was empty.

Dungeon Overview and Level Annotations

Branches:
Dungeon (3/15)

Altars:


Innate Abilities, Weirdness & Mutations

You cannot be hasted, slowed, berserked, paralysed or teleported.
You can dig through walls and to a lower floor.
You have a pair of large antennae on your head. (SInv)
Your four strong arms can wield two-handed weapons with a shield.


Message History

The scorpion poisons you! Jessica completely misses you.
The scorpion stings you but does no damage.
It was a potion of curing.
You feel better. Jessica closely misses you. The scorpion closely misses you.
You hit Jessica.
Jessica is severely wounded.
Jessica points at you and mumbles some strange words.
You struggle to resist.
The scorpion barely misses you. Jessica hits you but does no damage.
You hit Jessica but do no damage.
Jessica is severely wounded.
Jessica gestures at you while chanting. Pain shoots through your body!
* * * LOW HITPOINT WARNING * * *
The scorpion barely misses you. Jessica hits you but does no damage.
The scorpion completely misses you.
It was a potion of invisibility.
You fade into invisibility!
Jessica barely misses you. The scorpion closely misses you.
You closely miss Jessica.
Jessica is heavily wounded.
Jessica looks very angry.
Jessica hits you but does no damage.
The scorpion stings you but does no damage.
Jessica closely misses you.
You hit Jessica.
You kill Jessica!
Trog accepts your kill.
You can now call upon Trog for regeneration and willpower.
Trog appreciates your killing of a magic user.
The scorpion stings you.
* * * LOW HITPOINT WARNING * * *
You are lethally poisoned!
The scorpion poisons you!
You feel your dexterity returning.
You aren't carrying any potions.
Unknown command.
Unknown command.
You fail to use your ability.
You die...

##### #..# #### #...##
#####.#####...
#.#..######...........##
#.##....##.....)#######
#.#####.<.........######
#.# ##.##.#####.......
#.# ##..รท.# ########
#.# ##s..### #.####)@#.#
#.##....).# #.##......#
#.##......# #.##......#
#.##......# #.#########
#.# #.##


You could see a scorpion (unable to see you).

Vanquished Creatures
  Jessica (D:2)
  Natasha (thrice) (D:2)
  An adder (D:2)
  2 worms (D:2)
  An orc (D:3)
  2 ball pythons (D:2)
  5 bats
  5 endoplasms
  A giant cockroach (D:2)
  5 goblins
  6 hobgoblins
  A kobold (D:1)
  A frilled lizard (D:2)
34 creatures vanquished.

Notes
Turn   | Place    | Note
-------+----------+-------------------------------------------
     0 | D:1      | Gabide the Formicid Berserker began the quest for the Orb.
     0 | D:1      | Reached XP level 1. HP: 18/18 MP: 1/1
   155 | D:1      | Reached XP level 2. HP: 18/24 MP: 2/2
   560 | D:1      | Found a faded altar of an unknown god.
   821 | D:2      | Reached XP level 3. HP: 29/29 MP: 3/3
  1164 | D:2      | Noticed Natasha
  1177 | D:2      | Killed Natasha
  1178 | D:2      | Reached XP level 4. HP: 23/37 MP: 4/4
  1609 | D:2      | Noticed Natasha
  1619 | D:2      | Killed Natasha
  1620 | D:2      | Reached XP level 5. HP: 16/42 MP: 5/5
  1711 | D:2      | Noticed Natasha
  1721 | D:2      | Killed Natasha
  1721 | D:2      | Reached ** piety under Trog
  2006 | D:3      | Noticed Jessica
  2039 | D:2      | Killed Jessica
  2039 | D:2      | HP: 2/42 [scorpion (1)]
  2040 | D:2      | Succumbed to a scorpion's poison

Illustrated notes

Levels and vault maps discovered:
D:1:      minmay_arrival_cross, layout_rooms, ebering_ecumenical_altar_box
D:2:      layout_rooms, uniq_natasha
D:3:      layout_basic, nicolae_qazlal_general_emergency,
          mainiacjoe_overflow_alcove_2, mainiacjoe_overflow_cross_hatched,
          nrook_mini_backslash, minmay_misc_feat_iff, hex_large, uniq_jessica,
          uniq_crazy_yiuf_cottage

Skill      XL: |  1  2  3  4 |
---------------+-------------+-----
Dodging        | 2 |  2.8
Maces & Flails | 4 |  4.6
Fighting       | 4 |  4.2
Armour         | |  2.1

Action                   |  1- 3 |  4- 6 || total
-------------------------+-------+-------++-------
Melee: Mace              |    78 |    50 ||   128
       Punch             |     1 |     1 ||     2
Throw: Dart              |       |     6 ||     6
  Use: Potion            |       |     4 ||     4
Armor: Leather armour    |    11 |       ||    11
       Chain mail        |    27 |    32 ||    59
Dodge: Dodged            |    52 |    34 ||    86
